[Event "Titled Tuesday Blitz June 27 Early 2023"]
[White "Henriquez Villagra, Cristobal"]
[Black "Renjith, Sravan"]
[WhiteFideId "3409350"]
[BlackFideId "4306783"]
[WhiteElo "2897"]
[BlackElo "2751"]
[Result "1-0"]
[Round "7"]
[TimeControl "180+2"]
[Date "2023.06.27"]
[WhiteClock "0:01:39"]
[BlackClock "0:00:00"]
[Board "23"]

1. d3 d5 2. g3 Nf6 3. Bg2 g6 4. f4 Bg7 5. Nf3 c5 6. O-O O-O 7. c4 d4 8. e4 dxe3 9. Nc3 Bf5 10. Bxe3 Qxd3 11. Qxd3 Bxd3 12. Rfd1 1-0


[Site "https://www.chess.com"]

[Event "Titled Tuesday Blitz June 27 Early 2023"]
[White "Steinberg, Nitzan"]
[Black "Atakhan, Abtin"]
[WhiteFideId "2801795"]
[BlackFideId "22502203"]
[WhiteElo "2892"]
[BlackElo "2748"]
[Result "1/2-1/2"]
[Round "7"]
[TimeControl "180+2"]
[Date "2023.06.27"]
[WhiteClock "0:00:37"]
[BlackClock "0:02:32"]
[Board "24"]

1. Nf3 Nf6 2. g3 g6 3. Bg2 d5 4. O-O Bg7 5. d3 O-O 6. Nbd2 Nc6 7. e4 e5 8. Re1 Re8 9. exd5 Nxd5 10. c3 Nb6 11. Ne4 h6 12. b4 f5 13. Nc5 e4 14. Qb3+ Kh8 1/2-1/2


[Site "https://www.chess.com"]

[Event "Titled Tuesday Blitz June 27 Early 2023"]
[White "De Silva, L M S T"]
[Black "Zhigalko, Sergei"]
[WhiteFideId "9953698"]
[BlackFideId "13502956"]
[WhiteElo "2732"]
[BlackElo "2888"]
[Result "1-0"]
[Round "7"]
[TimeControl "180+2"]
[Date "2023.06.27"]
[WhiteClock "0:02:24"]
[BlackClock "0:00:00"]
[Board "25"]

1. e4 c5 2. Nf3 Nc6 3. Bb5 Nf6 4. Nc3 Qc7 5. O-O Nd4 6. Bc4 e6 7. d3 a6 8. a4 d6 9. Nxd4 cxd4 10. Ne2 Nxe4 11. Nxd4 Nf6 12. Re1 Be7 13. Qf3 1-0


[Site "https://www.chess.com"]

[Event "Titled Tuesday Blitz June 27 Early 2023"]
[White "Arhan_Anand"]
[Black "Drozdowski, Kacper"]
[BlackFideId "1136720"]
[WhiteElo "2709"]
[BlackElo "2847"]
[Result "1/2-1/2"]
[Round "7"]
[TimeControl "180+2"]
[Date "2023.06.27"]
[WhiteClock "0:02:25"]
[BlackClock "0:00:46"]
[Board "26"]

1. d4 Nf6 2. c4 e6 3. Nf3 Bb4+ 4. Bd2 a5 5. a3 Bxd2+ 6. Qxd2 O-O 7. Nc3 d5 8. e3 b6 9. cxd5 Nxd5 10. Nxd5 Qxd5 11. Rc1 Na6 12. Bc4 1/2-1/2


[Site "https://www.chess.com"]

[Event "Titled Tuesday Blitz June 27 Early 2023"]
[White "Grigoriants, Sergey"]
[Black "Sowul, Bartosz"]
[WhiteFideId "4130804"]
[BlackFideId "1137590"]
[WhiteElo "2844"]
[BlackElo "2609"]
[Result "1/2-1/2"]
[Round "7"]
[TimeControl "180+2"]
[Date "2023.06.27"]
[WhiteClock "0:01:42"]
[BlackClock "0:01:16"]
[Board "27"]

1. d4 Nf6 2. c4 c5 3. d5 b5 4. Qc2 bxc4 5. e4 e6 6. Bxc4 exd5 7. exd5 d6 8. Nc3 Be7 9. Nf3 O-O 10. O-O Bg4 11. Nh4 1/2-1/2


[Site "https://www.chess.com"]

[Event "Titled Tuesday Blitz June 27 Early 2023"]
[White "Nguyen, Ngoc Truong Son"]
[Black "Eugene, Floryan"]
[WhiteFideId "12401110"]
[BlackFideId "20694784"]
[WhiteElo "2948"]
[BlackElo "2679"]
[Result "1-0"]
[Round "7"]
[TimeControl "180+2"]
[Date "2023.06.27"]
[WhiteClock "0:01:54"]
[BlackClock "0:00:00"]
[Board "28"]

1. d4 f5 2. c4 Nf6 3. Nc3 d6 4. Bg5 e6 5. e4 fxe4 6. Nxe4 Be7 7. Bxf6 Bxf6 8. Nf3 O-O 9. Bd3 Nc6 10. O-O e5 11. d5 Ne7 12. c5 1-0


[Site "https://www.chess.com"]

[Event "Titled Tuesday Blitz June 27 Early 2023"]
[White "Movahed, Sina"]
[Black "Di Benedetto, Edoardo"]
[WhiteFideId "42520835"]
[BlackFideId "875740"]
[WhiteElo "2925"]
[BlackElo "2692"]
[Result "1/2-1/2"]
[Round "7"]
[TimeControl "180+2"]
[Date "2023.06.27"]
[WhiteClock "0:02:25"]
[BlackClock "0:01:07"]
[Board "29"]

1. Nf3 d5 2. g3 c6 3. Bg2 Bg4 4. O-O Nd7 5. c4 e6 6. d4 Ngf6 7. h3 Bxf3 8. Bxf3 Be7 9. cxd5 exd5 10. Nc3 O-O 11. Rb1 a5 12. a3 Nb6 13. Qc2 Nc4 14. Ra1 Re8 15. b3 Nb6 16. Kg2 Qd7 17. Bg5 1/2-1/2


[Site "https://www.chess.com"]

[Event "Titled Tuesday Blitz June 27 Early 2023"]
[White "Korchmar, Vasiliy"]
[Black "Baskakov, Egor"]
[WhiteFideId "24131750"]
[BlackFideId "24197866"]
[WhiteElo "2685"]
[BlackElo "2898"]
[Result "1/2-1/2"]
[Round "7"]
[TimeControl "180+2"]
[Date "2023.06.27"]
[WhiteClock "0:02:10"]
[BlackClock "0:01:01"]
[Board "30"]

1. e4 c5 2. d4 cxd4 3. Qxd4 Nc6 4. Qd3 g6 5. Nc3 Bg7 6. Nf3 Nf6 7. Be2 O-O 8. O-O d6 9. Nd5 Be6 10. c3 Rc8 11. Bg5 Ng4 12. Rad1 h6 13. Bh4 g5 14. Bg3 Nge5 15. Nxe5 Nxe5 16. Qe3 1/2-1/2


[Site "https://www.chess.com"]

[Event "Titled Tuesday Blitz June 27 Early 2023"]
[White "Kourkoulos-Arditis, Stamatis"]
[Black "Chigaev, Maksim"]
[WhiteFideId "4221990"]
[BlackFideId "4108116"]
[WhiteElo "2679"]
[BlackElo "2891"]
[Result "1/2-1/2"]
[Round "7"]
[TimeControl "180+2"]
[Date "2023.06.27"]
[WhiteClock "0:02:27"]
[BlackClock "0:00:44"]
[Board "31"]

1. c4 e5 2. Nc3 Nf6 3. g3 Bb4 4. Bg2 Bxc3 5. dxc3 d6 6. Nf3 O-O 7. Nd2 Qe7 8. e4 a5 9. a4 Na6 10. Nf1 Nc5 11. f3 b6 12. Ne3 Be6 13. Qc2 1/2-1/2


[Site "https://www.chess.com"]

[Event "Titled Tuesday Blitz June 27 Early 2023"]
[White "Pichot, Alan"]
[Black "Danielyan, Vahe"]
[WhiteFideId "110973"]
[BlackFideId "13304828"]
[WhiteElo "2857"]
[BlackElo "2678"]
[Result "1/2-1/2"]
[Round "7"]
[TimeControl "180+2"]
[Date "2023.06.27"]
[WhiteClock "0:01:01"]
[BlackClock "0:02:10"]
[Board "32"]

1. e4 c5 2. Nf3 e6 3. d4 cxd4 4. Nxd4 a6 5. Nc3 b5 6. Bd3 Bc5 7. Nb3 Be7 8. O-O Bb7 9. f4 d6 10. a4 b4 11. Na2 Nf6 12. Qe2 h5 1/2-1/2


[Site "https://www.chess.com"]

[Event "Titled Tuesday Blitz June 27 Early 2023"]
[White "Leon Oquendo, Jorge"]
[Black "Molina, Roberto Junio Brito"]
[WhiteFideId "3514803"]
[BlackFideId "2109450"]
[WhiteElo "2675"]
[BlackElo "2842"]
[Result "1-0"]
[Round "7"]
[TimeControl "180+2"]
[Date "2023.06.27"]
[WhiteClock "0:02:06"]
[BlackClock "0:00:00"]
[Board "33"]

1. e4 c6 2. d3 d5 3. Qe2 g6 4. g3 Bg7 5. Bg2 e5 6. Nf3 d4 7. O-O c5 8. c3 Nc6 9. cxd4 cxd4 10. a3 a5 11. a4 Nge7 12. Na3 Be6 13. Ng5 Bb3 14. Nb5 f6 15. Ra3 1-0


[Site "https://www.chess.com"]

[Event "Titled Tuesday Blitz June 27 Early 2023"]
[White "Bharath Subramaniyam H"]
[Black "Kvaloy, Aksel Bu"]
[WhiteFideId "46634827"]
[BlackFideId "1528815"]
[WhiteElo "2824"]
[BlackElo "2671"]
[Result "1/2-1/2"]
[Round "7"]
[TimeControl "180+2"]
[Date "2023.06.27"]
[WhiteClock "0:01:12"]
[BlackClock "0:01:51"]
[Board "34"]

1. b3 e5 2. Bb2 Nc6 3. c4 Nf6 4. e3 d5 5. cxd5 Nxd5 6. a3 Be6 7. Qc2 g5 8. Nf3 f6 9. d3 g4 10. Nfd2 Qd7 11. Nc3 O-O-O 12. b4 Bxb4 1/2-1/2


[Site "https://www.chess.com"]

[Event "Titled Tuesday Blitz June 27 Early 2023"]
[White "Ohanyan, Emin"]
[Black "Manukyan, Sargis A."]
[WhiteFideId "13312022"]
[BlackFideId "13303970"]
[WhiteElo "2814"]
[BlackElo "2668"]
[Result "1/2-1/2"]
[Round "7"]
[TimeControl "180+2"]
[Date "2023.06.27"]
[WhiteClock "0:00:53"]
[BlackClock "0:02:58"]
[Board "36"]

1. e4 c5 2. Nf3 d6 3. d4 cxd4 4. Nxd4 Nf6 5. Nc3 g6 6. Be3 Bg7 7. f3 O-O 8. Qd2 Nc6 9. O-O-O d5 10. exd5 Nxd5 11. Nxc6 bxc6 12. Bd4 e5 13. Bc5 Be6 14. Ne4 Re8 15. h4 h6 16. h5 g5 17. g4 Qc7 18. Bc4 Red8 1/2-1/2


[Site "https://www.chess.com"]

[Event "Titled Tuesday Blitz June 27 Early 2023"]
[White "Sahib Singh"]
[Black "Harsh Suresh"]
[WhiteFideId "25618342"]
[BlackFideId "45018464"]
[WhiteElo "2663"]
[BlackElo "2813"]
[Result "0-1"]
[Round "7"]
[TimeControl "180+2"]
[Date "2023.06.27"]
[WhiteClock "0:00:00"]
[BlackClock "0:02:07"]
[Board "37"]

1. e4 c6 2. d4 d5 3. Nc3 dxe4 4. Nxe4 Bf5 5. Ng3 Bg6 6. Nf3 Nd7 7. h4 h6 8. h5 Bh7 9. Bd3 Bxd3 10. Qxd3 e6 11. Bd2 Ngf6 12. O-O-O Be7 13. Ne4 Nxe4 14. Qxe4 Nf6 15. Qd3 Qd5 16. c4 Qe4 17. Qb3 O-O-O 18. Rhe1 Qg4 0-1


[Site "https://www.chess.com"]

[Event "Titled Tuesday Blitz June 27 Early 2023"]
[White "Kushko, Dmitriy"]
[Black "Bauman_Guy"]
[WhiteFideId "14162261"]
[WhiteElo "2810"]
[BlackElo "2659"]
[Result "1/2-1/2"]
[Round "7"]
[TimeControl "180+2"]
[Date "2023.06.27"]
[WhiteClock "0:02:01"]
[BlackClock "0:01:37"]
[Board "38"]

1. Nf3 d5 2. g3 c6 3. Bg2 Bg4 4. h3 Bh5 5. O-O Nd7 6. d4 Ngf6 7. c4 e6 8. cxd5 cxd5 9. Qb3 Qb6 10. Nc3 Bd6 11. Qxb6 Nxb6 12. Nb5 Bb8 13. Bf4 Bxf4 14. gxf4 1/2-1/2


[Site "https://www.chess.com"]

[Event "Titled Tuesday Blitz June 27 Early 2023"]
[White "Srihari L R"]
[Black "Alex_Sahakyan2006"]
[WhiteFideId "46617116"]
[WhiteElo "2809"]
[BlackElo "2657"]
[Result "1/2-1/2"]
[Round "7"]
[TimeControl "180+2"]
[Date "2023.06.27"]
[WhiteClock "0:01:05"]
[BlackClock "0:02:02"]
[Board "39"]

1. Nf3 g6 2. g3 Bg7 3. Bg2 e5 4. O-O d5 5. d3 Nc6 6. e4 Nge7 7. Nc3 d4 8. Ne2 O-O 9. Nh4 a5 10. f4 exf4 11. Bxf4 Ne5 12. Nf3 Nxf3+ 13. Bxf3 Nc6 1/2-1/2


[Site "https://www.chess.com"]

[Event "Titled Tuesday Blitz June 27 Early 2023"]
[White "Sethuraman, S.P."]
[Black "Soham Kamotra"]
[WhiteFideId "5021596"]
[BlackFideId "46647490"]
[WhiteElo "2807"]
[BlackElo "2657"]
[Result "1-0"]
[Round "7"]
[TimeControl "180+2"]
[Date "2023.06.27"]
[WhiteClock "0:02:20"]
[BlackClock "0:00:00"]
[Board "40"]

1. Nf3 Nf6 2. c4 b6 3. Nc3 Bb7 4. d4 e6 5. a3 d5 6. Qc2 Be7 7. cxd5 Nxd5 8. e4 Nxc3 9. bxc3 c5 10. Bb5+ Bc6 11. Bd3 O-O 12. O-O h6 13. Rd1 1-0


[Site "https://www.chess.com"]

[Event "Titled Tuesday Blitz June 27 Early 2023"]
[White "Al-Tarboush, Ward"]
[Black "Rahman, Masruri"]
[WhiteFideId "7601450"]
[BlackFideId "7101163"]
[WhiteElo "2640"]
[BlackElo "2799"]
[Result "0-1"]
[Round "7"]
[TimeControl "180+2"]
[Date "2023.06.27"]
[WhiteClock "0:00:00"]
[BlackClock "0:01:54"]
[Board "42"]

1. e4 e6 2. d4 d5 3. exd5 exd5 4. Bd3 Nc6 5. Nf3 Bd6 6. O-O Nge7 7. Re1 Bg4 8. c3 Qd7 9. Nbd2 O-O-O 10. b4 Bf5 11. Bf1 Ng6 12. Nb3 Rde8 13. Be3 f6 14. b5 Nd8 15. Nc5 Bxc5 16. dxc5 Bg4 0-1


[Site "https://www.chess.com"]

[Event "Titled Tuesday Blitz June 27 Early 2023"]
[White "Vakhlamov, Igor L."]
[Black "Colas, Joshua"]
[WhiteFideId "24126748"]
[BlackFideId "2044447"]
[WhiteElo "2787"]
[BlackElo "2631"]
[Result "1-0"]
[Round "7"]
[TimeControl "180+2"]
[Date "2023.06.27"]
[WhiteClock "0:02:34"]
[BlackClock "0:00:00"]
[Board "43"]

1. e4 c5 2. Nf3 d6 3. Nc3 Nf6 4. d4 cxd4 5. Qxd4 Nc6 6. Bb5 Bd7 7. Bxc6 Bxc6 8. Bg5 e6 9. O-O-O Be7 10. Rhe1 Qa5 11. Nd5 Bxd5 12. exd5 1-0


[Site "https://www.chess.com"]

[Event "Titled Tuesday Blitz June 27 Early 2023"]
[White "Bryakin, Mikhail"]
[Black "Elgersma, Onno"]
[WhiteFideId "4165314"]
[BlackFideId "1053531"]
[WhiteElo "2764"]
[BlackElo "2623"]
[Result "1-0"]
[Round "7"]
[TimeControl "180+2"]
[Date "2023.06.27"]
[WhiteClock "0:01:14"]
[BlackClock "0:00:08"]
[Board "45"]

1. Nf3 d5 2. e3 Nf6 3. c4 e6 4. b3 b6 5. Bb2 Bb7 6. Nc3 a6 7. cxd5 exd5 8. d4 Bd6 9. Be2 O-O 10. O-O Re8 11. Qc2 Nbd7 12. Rfd1 Qe7 13. Bf1 c5 14. dxc5 bxc5 15. Ne2 d4 16. exd4 Be4 17. Qd2 Rad8 18. Ng3 Bxg3 19. hxg3 Bxf3 20. gxf3 cxd4 21. Qxd4 Qe6 22. Bc4 Qf5 23. Qd3 Qh5 24. Re1 Ne5 25. Rxe5 Qxe5 26. Bxe5 Rxd3 27. Bxf6 Rd2 28. Bc3 Rc2 29. Bd4 a5 30. a4 Rd8 31. Be3 Rb8 32. g4 g6 33. Rd1 h5 34. Rd7 hxg4 35. fxg4 Rf8 36. Bh6 Rc8 37. Rxf7 Kh8 38. Bg5 Ra2 39. Bf6+ Kg8 40. Rc7+ Kf8 41. Rxc8# 1-0


[Site "https://www.chess.com"]

[Event "Titled Tuesday Blitz June 27 Early 2023"]
[White "Kislinsky, Alexey"]
[Black "Jakubowski, Krzysztof"]
[WhiteFideId "14108801"]
[BlackFideId "1112848"]
[WhiteElo "2763"]
[BlackElo "2622"]
[Result "1/2-1/2"]
[Round "7"]
[TimeControl "180+2"]
[Date "2023.06.27"]
[WhiteClock "0:01:12"]
[BlackClock "0:02:13"]
[Board "46"]

1. e4 c5 2. c3 Nf6 3. e5 Nd5 4. Bc4 e6 5. d4 cxd4 6. cxd4 d6 7. Qe2 Nb6 8. Bb3 Nc6 9. Nf3 d5 10. h4 h6 11. h5 Bd7 12. Nc3 Na5 13. Bc2 Rc8 1/2-1/2


[Site "https://www.chess.com"]

[Event "Titled Tuesday Blitz June 27 Early 2023"]
[White "Iskusnyh, Sergei"]
[Black "Mahdavi, Reza"]
[WhiteFideId "4120027"]
[BlackFideId "12595926"]
[WhiteElo "2600"]
[BlackElo "2750"]
[Result "1/2-1/2"]
[Round "7"]
[TimeControl "180+2"]
[Date "2023.06.27"]
[WhiteClock "0:00:50"]
[BlackClock "0:02:23"]
[Board "47"]

1. d4 Nf6 2. c4 e6 3. Nc3 d5 4. Nf3 Bb4 5. e3 O-O 6. Bd2 b6 7. cxd5 exd5 8. Bd3 Re8 9. O-O Bf8 10. Ne5 c5 11. f4 Ba6 12. Bxa6 Nxa6 1/2-1/2


[Site "https://www.chess.com"]

[Event "Titled Tuesday Blitz June 27 Early 2023"]
[White "Tanenbaum, Zachary"]
[Black "Janaszak, Dawid"]
[WhiteFideId "2060850"]
[BlackFideId "1119206"]
[WhiteElo "2741"]
[BlackElo "2580"]
[Result "1/2-1/2"]
[Round "7"]
[TimeControl "180+2"]
[Date "2023.06.27"]
[WhiteClock "0:02:24"]
[BlackClock "0:01:17"]
[Board "49"]

1. e4 c5 2. Nf3 Nc6 3. Nc3 g6 4. d4 cxd4 5. Nxd4 Bg7 6. Be3 Nf6 7. Bc4 O-O 8. Bb3 Re8 9. O-O d6 10. h3 Na5 11. Qd2 b6 12. Bh6 Bh8 13. Rfe1 Nxb3 14. axb3 Bb7 15. Rad1 Rc8 16. Nf5 1/2-1/2


[Site "https://www.chess.com"]

[Event "Titled Tuesday Blitz June 27 Early 2023"]
[White "Klukin, Kirill"]
[Black "Fonseca Manrique, Enrique"]
[WhiteFideId "24199273"]
[BlackFideId "5114330"]
[WhiteElo "2737"]
[BlackElo "2574"]
[Result "1/2-1/2"]
[Round "7"]
[TimeControl "180+2"]
[Date "2023.06.27"]
[WhiteClock "0:02:19"]
[BlackClock "0:00:55"]
[Board "50"]

1. f4 g6 2. Nf3 Bg7 3. g3 d6 4. Bg2 e5 5. d3 Nh6 6. O-O Nc6 7. Nc3 O-O 8. e4 exf4 9. Bxf4 Ng4 10. Qd2 Be6 11. Rae1 1/2-1/2


[Site "https://www.chess.com"]

[Event "Titled Tuesday Blitz June 27 Early 2023"]
[White "Postny, Evgeny"]
[Black "Arat, Ufuk Sezen"]
[WhiteFideId "2804344"]
[BlackFideId "6309089"]
[WhiteElo "2726"]
[BlackElo "2565"]
[Result "1-0"]
[Round "7"]
[TimeControl "180+2"]
[Date "2023.06.27"]
[WhiteClock "0:01:49"]
[BlackClock "0:00:00"]
[Board "52"]

1. e4 c5 2. Nf3 e6 3. d4 cxd4 4. Nxd4 Nc6 5. Nb5 d6 6. c4 Be7 7. Be2 a6 8. N5c3 Nf6 9. O-O O-O 10. a3 b6 11. b4 Bb7 12. Ra2 Rc8 13. Rc2 Qc7 14. Be3 Nd7 15. Nd5 exd5 16. cxd5 1-0


[Site "https://www.chess.com"]

[Event "Titled Tuesday Blitz June 27 Early 2023"]
[White "splendidkid"]
[Black "Mattheii"]
[WhiteElo "2725"]
[BlackElo "2534"]
[Result "1-0"]
[Round "7"]
[TimeControl "180+2"]
[Date "2023.06.27"]
[WhiteClock "0:03:00"]
[BlackClock "0:00:00"]
[Board "53"]

1. d4 Nf6 2. Nf3 d5 3. c4 e6 4. Nc3 Be7 5. Bg5 O-O 6. e3 Nbd7 7. Qc2 h6 8. Bh4 c6 9. cxd5 exd5 10. Bd3 Re8 11. O-O Ne4 12. Bxe7 Qxe7 13. Rab1 a5 14. Rfc1 g5 15. h3 1-0


[Site "https://www.chess.com"]

[Event "Titled Tuesday Blitz June 27 Early 2023"]
[White "Matinian, Nikita"]
[Black "Ritvin, Stanislav"]
[WhiteFideId "24129100"]
[BlackFideId "2011751"]
[WhiteElo "2722"]
[BlackElo "2511"]
[Result "1-0"]
[Round "7"]
[TimeControl "180+2"]
[Date "2023.06.27"]
[WhiteClock "0:02:07"]
[BlackClock "0:00:00"]
[Board "54"]

1. e4 e5 2. Nf3 Nc6 3. Bb5 Nf6 4. O-O Nxe4 5. d4 Nd6 6. Bxc6 dxc6 7. dxe5 Nf5 8. Qxd8+ Kxd8 9. h3 Be6 10. Nc3 Be7 11. Ng5 Bxg5 12. Bxg5+ Kc8 13. Rad1 h6 14. Bc1 b6 15. g4 Ne7 16. f4 1-0


[Site "https://www.chess.com"]

[Event "Titled Tuesday Blitz June 27 Early 2023"]
[White "Yeritsyan, Hayk"]
[Black "Quintiliano Pinto, Renato R."]
[WhiteFideId "13307320"]
[BlackFideId "2117568"]
[WhiteElo "2482"]
[BlackElo "2722"]
[Result "1/2-1/2"]
[Round "7"]
[TimeControl "180+2"]
[Date "2023.06.27"]
[WhiteClock "0:01:13"]
[BlackClock "0:02:04"]
[Board "55"]

1. d4 Nf6 2. Nf3 e6 3. e3 b6 4. Bd3 Bb7 5. Nbd2 c5 6. c3 Be7 7. O-O Nc6 8. Qe2 O-O 9. dxc5 bxc5 10. e4 d5 11. Re1 a5 12. e5 Nd7 13. Nf1 Qb6 1/2-1/2


[Site "https://www.chess.com"]

[Event "Titled Tuesday Blitz June 27 Early 2023"]
[White "Preotu, Razvan"]
[Black "Miszler, Levente"]
[WhiteFideId "2613280"]
[BlackFideId "763276"]
[WhiteElo "2717"]
[BlackElo "2478"]
[Result "1-0"]
[Round "7"]
[TimeControl "180+2"]
[Date "2023.06.27"]
[WhiteClock "0:01:49"]
[BlackClock "0:00:00"]
[Board "56"]

1. e4 e6 2. d4 d5 3. Nc3 Nf6 4. e5 Nfd7 5. f4 c5 6. Nf3 Nc6 7. Be3 Be7 8. Qd2 O-O 9. dxc5 Qa5 10. O-O-O b6 11. Bb5 Nb4 12. a3 bxc5 13. Kb1 Rb8 14. axb4 cxb4 15. Nxd5 1-0


[Site "https://www.chess.com"]

[Event "Titled Tuesday Blitz June 27 Early 2023"]
[White "Manukian, Artak"]
[Black "Hambleton, Aman"]
[WhiteFideId "13301373"]
[BlackFideId "2606577"]
[WhiteElo "2431"]
[BlackElo "2709"]
[Result "1/2-1/2"]
[Round "7"]
[TimeControl "180+2"]
[Date "2023.06.27"]
[WhiteClock "0:01:59"]
[BlackClock "0:01:19"]
[Board "57"]

1. e4 b6 2. d4 Bb7 3. Bd3 e6 4. Nf3 d5 5. e5 Ba6 6. O-O Bxd3 7. Qxd3 Ne7 8. Bg5 Qd7 9. a4 c5 10. c3 c4 11. Qc2 Nbc6 12. Nbd2 Na5 13. Rfb1 h6 14. Bh4 Nf5 15. b4 cxb3 16. Nxb3 1/2-1/2


[Site "https://www.chess.com"]

[Event "Titled Tuesday Blitz June 27 Early 2023"]
[White "Fernandez Guillen, Ernesto J."]
[Black "Mickiewicz, Piotr"]
[WhiteFideId "3512428"]
[BlackFideId "1114891"]
[WhiteElo "2707"]
[BlackElo "2407"]
[Result "0-1"]
[Round "7"]
[TimeControl "180+2"]
[Date "2023.06.27"]
[WhiteClock "0:00:00"]
[BlackClock "0:02:03"]
[Board "58"]

1. e4 c6 2. d4 d5 3. e5 Bf5 4. c3 e6 5. Bd3 Bxd3 6. Qxd3 Qa5 7. Ne2 Qa6 8. Qd1 h5 9. O-O Nh6 10. Nd2 h4 11. h3 Nf5 12. b4 Qd3 0-1


[Site "https://www.chess.com"]

[Event "Titled Tuesday Blitz June 27 Early 2023"]
[White "Ajay Karthikeyan"]
[Black "Coelho, Ramyres Santana"]
[WhiteFideId "35011685"]
[BlackFideId "2120690"]
[WhiteElo "2699"]
[BlackElo "2274"]
[Result "1/2-1/2"]
[Round "7"]
[TimeControl "180+2"]
[Date "2023.06.27"]
[WhiteClock "0:02:21"]
[BlackClock "0:01:19"]
[Board "59"]

1. c4 Nf6 2. g3 g6 3. Nc3 Bg7 4. Bg2 O-O 5. e4 d6 6. Nge2 e5 7. O-O Nc6 8. d3 Be6 9. h3 Qd7 10. Kh2 Nh5 11. f4 f5 12. Be3 exf4 13. gxf4 fxe4 14. dxe4 Bxc4 15. Qd2 1/2-1/2


[Site "https://www.chess.com"]

[Event "Titled Tuesday Blitz June 27 Early 2023"]
[White "hsd2016"]
[Black "Sevian, Samuel"]
[BlackFideId "2040506"]
[WhiteElo "2229"]
[BlackElo "3045"]
[Result "0-1"]
[Round "7"]
[TimeControl "180+2"]
[Date "2023.06.27"]
[WhiteClock "0:00:00"]
[BlackClock "0:02:20"]
[Board "60"]

1. e4 c5 2. Nf3 e6 3. d4 cxd4 4. Nxd4 Nc6 5. Nc3 a6 6. a3 Nf6 7. Be3 Qc7 8. f3 b5 9. Qd2 Bb7 10. g4 d6 11. Nxc6 Bxc6 0-1


[Site "https://www.chess.com"]

[Event "Titled Tuesday Blitz June 27 Early 2023"]
[White "Pap, Gyula"]
[Black "Kaidanov, Gregory"]
[WhiteFideId "725323"]
[BlackFideId "2008564"]
[WhiteElo "2928"]
[BlackElo "2642"]
[Result "1/2-1/2"]
[Round "7"]
[TimeControl "180+2"]
[Date "2023.06.27"]
[WhiteClock "0:00:59"]
[BlackClock "0:02:10"]
[Board "61"]

1. d4 d5 2. c4 e6 3. Nc3 c6 4. cxd5 exd5 5. Bf4 Bf5 6. f3 Nf6 7. g4 Bg6 8. h4 h5 9. g5 Ng8 10. e3 Bd6 11. Nh3 Ne7 12. Bd3 Bxd3 13. Qxd3 Ng6 1/2-1/2


[Site "https://www.chess.com"]

[Event "Titled Tuesday Blitz June 27 Early 2023"]
[White "Vokhidov, Shamsiddin"]
[Black "Jaskolka, Tomasz"]
[WhiteFideId "14204223"]
[BlackFideId "1170791"]
[WhiteElo "2913"]
[BlackElo "2620"]
[Result "1/2-1/2"]
[Round "7"]
[TimeControl "180+2"]
[Date "2023.06.27"]
[WhiteClock "0:02:24"]
[BlackClock "0:01:22"]
[Board "63"]

1. e4 d5 2. exd5 Nf6 3. Nf3 Bg4 4. h3 Bxf3 5. Qxf3 Qxd5 6. Qxd5 Nxd5 7. g3 c6 8. Bg2 Nd7 9. O-O e6 10. d4 Be7 11. c3 O-O 12. Nd2 c5 13. dxc5 Nxc5 14. Nb3 Nd3 15. Rd1 Nxc1 16. Raxc1 Nf6 17. Bxb7 Rab8 18. Bf3 1/2-1/2


[Site "https://www.chess.com"]

[Event "Titled Tuesday Blitz June 27 Early 2023"]
[White "Asavasaetakul, Chawit"]
[Black "Rakhmanov, Aleksandr"]
[WhiteFideId "6204856"]
[BlackFideId "4173708"]
[WhiteElo "2620"]
[BlackElo "2853"]
[Result "1/2-1/2"]
[Round "7"]
[TimeControl "180+2"]
[Date "2023.06.27"]
[WhiteClock "0:01:51"]
[BlackClock "0:01:31"]
[Board "64"]

1. e4 d5 2. exd5 c6 3. dxc6 Nxc6 4. Nf3 e5 5. d3 h6 6. Nc3 g5 7. h3 Bg7 8. Be2 Nge7 9. Be3 Be6 10. Qd2 Qd7 11. Ne4 b6 12. a4 f5 13. Nexg5 hxg5 14. Bxg5 1/2-1/2


[Site "https://www.chess.com"]

[Event "Titled Tuesday Blitz June 27 Early 2023"]
[White "Gharibyan, Mamikon"]
[Black "HamedWafa4"]
[WhiteFideId "13308300"]
[WhiteElo "2796"]
[BlackElo "2601"]
[Result "1/2-1/2"]
[Round "7"]
[TimeControl "180+2"]
[Date "2023.06.27"]
[WhiteClock "0:01:06"]
[BlackClock "0:02:10"]
[Board "65"]

1. e4 e5 2. Nf3 Nc6 3. Bb5 a6 4. Ba4 Nf6 5. d3 d6 6. c3 g6 7. O-O Bg7 8. Re1 O-O 9. Nbd2 b5 10. Bc2 Bb7 11. a4 Nb8 12. d4 Nbd7 13. Nf1 h6 14. Ng3 Re8 15. Bd3 c5 1/2-1/2


[Site "https://www.chess.com"]

[Event "Titled Tuesday Blitz June 27 Early 2023"]
[White "Xu, Yi"]
[Black "De La Villa Garcia, Jesus Maria"]
[WhiteFideId "8605564"]
[BlackFideId "2200040"]
[WhiteElo "2742"]
[BlackElo "2599"]
[Result "1/2-1/2"]
[Round "7"]
[TimeControl "180+2"]
[Date "2023.06.27"]
[WhiteClock "0:02:09"]
[BlackClock "0:01:07"]
[Board "67"]

1. e4 c6 2. d4 d5 3. e5 Bf5 4. Nf3 e6 5. Be2 c5 6. Be3 Qb6 7. Nc3 c4 8. Rb1 Qd8 9. O-O Bb4 10. a3 Bxc3 11. bxc3 b6 12. Nd2 1/2-1/2


[Site "https://www.chess.com"]